 Dungeon Crawl Stone Soup version 0.31-a0-948-gf5be29c462 (webtiles) character file.

Game seed: 16947823452205890652

983 Dirtsage the Cleaver (level 7, -6/54 HPs)
             Began as a Demonspawn Fighter on Oct 21, 2023.
             Mangled by an ogre
             ... wielding a +0 giant club
              (28 damage)
             ... on level 5 of the Dungeon.
             The game lasted 00:06:58 (3261 turns).

Dirtsage the Cleaver (Demonspawn Fighter)           Turns: 3261, Time: 00:06:59

Health: -6/54      AC: 10    Str: 18    XL:     7   Next: 96%
Magic:  7/7        EV:  7    Int:  9    God:
Gold:   183        SH:  4    Dex: 13    Spells: 6/6 levels left

rFire   . . .        a - +0 war axe
rCold   . . .        c - +0 buckler
rNeg    . . .        e - +0 chain mail
rPois   .            (no helmet)
rElec   .            (no cloak)
rCorr   .            (no gloves)
SInv    .            (no boots)
Will    .....        g - amulet of the acrobat Stlth
                     (no ring)
HPRegen 0.29/turn    (no ring)
MPRegen 0.10/turn

%: acrobat
@: no status effects
A: hooves 1, rugged brown scales 2, powered by death 2
a: no special abilities


You were on level 5 of the Dungeon.
You visited 1 branch of the dungeon, and saw 5 of its levels.
You also visited: Sewer.

You collected 239 gold pieces.
You spent 56 gold pieces at shops.

Inventory:

Hand Weapons
 a - a +0 war axe (weapon)
Armour
 b - a +0 scale mail
 c - a +0 buckler (worn)
 e - a +0 chain mail (worn)
 w - a scarf of harm
Magical Staves
 k - a staff of fire
Jewellery
 g - an amulet of the acrobat (around neck)
 r - a ring of magical power
Wands
 i - a wand of flame (43)
 l - a wand of iceblast (13)
 s - a wand of mindburst (8)
Scrolls
 d - 4 scrolls of fear {unknown}
 h - 2 scrolls of vulnerability {unknown}
 m - a scroll of immolation
 o - 2 scrolls of enchant armour
Potions
 f - 2 potions of degeneration {unknown}
 j - a potion of lignification {unknown}
 n - a potion of mutation {unknown}
 p - 2 potions of attraction
 u - 2 potions of enlightenment
 v - a potion of haste {unknown}


   Skills:
 - Level 3.0 Fighting
 + Level 8.6 Axes
 - Level 2.6 Armour
 - Level 2.6 Shields


You had 6 spell levels left.
You didn't know any spells.
Your spell library contained the following spells:

 Spells                   Type           Power      Damage    Failure   Level
 Freeze                   Ice            0%         1d3       99%         1
 Frozen Ramparts          Ice            0%         1d1       100%        3
 Hailstorm                Conj/Ice       0%         3d3       100%        3


Dungeon Overview and Level Annotations

Branches:
Dungeon (5/15)              Sewer (visited)
 Temple: D:4-7

Altars:
Makhleb
Ru
Uskayaw

Shops:
D:2 *


Innate Abilities, Weirdness & Mutations

You have large cloven feet.
You are mostly covered in rugged brown scales. (AC +2, +5% HP)
You regenerate health from kills.


Message History

You hit the hound. Your kick misses the hound.
The hound is lightly wounded.
The hound closely misses you.
You slash the hound!
The hound is almost dead.
The hound bites you but does no damage. The hound barely misses you.
You closely miss the hound.
The hound is almost dead.
The hound bites you but does no damage. The hound bites you.
You take 4 damage, and have 50/54 hp.
You closely miss the hound. You kick the hound.
The hound is almost dead.
The hound bites you.
You take 3 damage, and have 47/54 hp.
You slash the hound!
You kill the hound!
You regained 2 hp, and now have 49/54 hp.
You barely miss the ogre. You kick the ogre.
The ogre is lightly wounded.
The ogre hits you with a +0 giant club!
You take 13 damage, and have 36/54 hp.
MASSIVE DAMAGE!!
You hit the ogre.
The ogre is moderately wounded.
You block the ogre's attack.
You regained 2 hp, and now have 38/54 hp.
You hit the ogre. Your kick misses the ogre.
The ogre is moderately wounded.
The ogre hits you with a +0 giant club.
You take 3 damage, and have 35/54 hp.
You hit the ogre. You kick the ogre.
The ogre is heavily wounded.
You hit the ogre but do no damage.
The ogre is heavily wounded.
The ogre hits you with a +0 giant club!
You take 13 damage, and have 22/54 hp.
MASSIVE DAMAGE!!
You barely miss the ogre.
The ogre is heavily wounded.
The ogre hits you with a +0 giant club!!
Ouch! That really hurt!
You die...

...# ##.##
##...## ...#
#..# ##..O##
.... #..#
##..†.#
...##
#..##....##
####
#......##
##.....#
##.o.##
##O## ##@##
#..# ##[##
#...###
#...#..##
#...###..###
#...#
###..#######
#...#
##...#...#
#..#
###....##


You could see an ogre and an orc.

Vanquished Creatures
  Pikel (D:4)
  Duvessa (D:4)
  A kobold brigand (Sewer)
  A scorpion (D:4)
  Dowan (D:4)
  A hound (D:5)
  A jelly (D:4)
  A sleepcap (D:5)
  4 gnolls (D:2)
  A river rat (Sewer)
  2 adders
  3 worms
  A dart slug (D:5)
  3 orcs
  6 endoplasms
  2 giant cockroaches (D:4)
  6 hobgoblins
  9 jackals
  3 quokkas
  12 ball pythons
  3 bats
  3 frilled lizards
  10 goblins
  9 kobolds
  6 rats
91 creatures vanquished.

Vanquished Creatures (others)
  An orc wizard (D:5)
1 creature vanquished.

Grand Total: 92 creatures vanquished

Notes
Turn   | Place    | Note
-------+----------+-------------------------------------------
     0 | D:1      | Dirtsage the Demonspawn Fighter began the quest for the
                  | Orb.
     0 | D:1      | Reached XP level 1. HP: 18/18 MP: 1/1
   227 | D:1      | Reached skill level 2 in Axes
   323 | D:1      | Gained mutation: You regenerate a little health from kills.
                  | [demonic ancestry]
   323 | D:1      | Reached XP level 2. HP: 17/24 MP: 2/2
   492 | D:1      | Reached skill level 3 in Axes
   913 | D:2      | Reached XP level 3. HP: 29/29 MP: 3/3
   923 | D:2      | Found Sireen's Assorted Antiques.
   930 | D:2      | Bought a scroll labelled CEWE ETTOGGO for 15 gold pieces
   930 | D:2      | Bought a metallic dark potion for 13 gold pieces
   930 | D:2      | Bought a scroll labelled ISUDEI NAME for 15 gold pieces
   930 | D:2      | Bought a glowing white potion for 13 gold pieces
   964 | D:2      | Reached skill level 4 in Axes
   964 | D:2      | Gained mutation: You have large cloven feet. [demonic
                  | ancestry]
   964 | D:2      | Reached XP level 4. HP: 8/35 MP: 4/4
  1454 | D:3      | Found a glowing drain.
  1476 | Sewer    | Entered a sewer
  1518 | Sewer    | Noticed a kobold brigand
  1537 | Sewer    | Killed a kobold brigand
  1538 | Sewer    | Reached skill level 5 in Axes
  1538 | Sewer    | Gained mutation: You are partially covered in rugged brown
                  | scales. (AC +1, +3% HP) [demonic ancestry]
  1538 | Sewer    | Reached XP level 5. HP: 24/42 MP: 5/5
  2328 | D:4      | Found the +0 toga "Victory" {*Victory Clar}
  2358 | D:4      | Reached skill level 6 in Axes
  2358 | D:4      | Gained mutation: You regenerate health from kills. [demonic
                  | ancestry]
  2358 | D:4      | Reached XP level 6. HP: 48/48 MP: 6/6
  2432 | D:4      | Identified the +1 leather armour "Vuischo" {Dex+5 Slay+2}
  2446 | D:4      | Noticed Pikel
  2458 | D:4      | Killed Pikel
  2459 | D:4      | Reached skill level 7 in Axes
  2459 | D:4      | Gained mutation: You are mostly covered in rugged brown
                  | scales. (AC +2, +5% HP) [demonic ancestry]
  2459 | D:4      | Reached XP level 7. HP: 27/54 MP: 7/7
  2552 | D:4      | Noticed Duvessa
  2553 | D:4      | Noticed Dowan
  2572 | D:4      | Killed Duvessa
  2573 | D:4      | Reached skill level 8 in Axes
  2574 | D:4      | Killed Dowan
  2605 | D:4      | Found a hide-covered altar of Uskayaw.
  2855 | D:4      | Found a sacrificial altar of Ru.
  2921 | D:5      | Entered Level 5 of the Dungeon
  3161 | D:5      | Found a burning altar of Makhleb.
  3261 | D:5      | Mangled by an ogre

Illustrated notes

Levels and vault maps discovered:
D:1:      lightli_arrival_maybe_door_vault, layout_loops_ring, minmay_tall_x
D:2:      layout_rooms, serial_shops, shop
D:3:      minmay_inner_zag, layout_basic, cheibrodos_sewer_entry_bend,
          chequers_jeans
D:4:      layout_rooms, nicolae_uskayaw_murder_on_the_dancefloor,
          nicolae_ru_the_path_less_chosen, uniq_pikel, uniq_duvessa
D:5:      layout_cave_pods, kennysheep_mini, tso_altar, grunt_ministairs_1,
          serial_park_tiny_2

Skill      XL: |  1  2  3  4  5  6  7 |
---------------+----------------------+-----
Axes           | 2 3 4 5 6 7 8 |  8.6
Fighting       | |  3.0
Armour         | |  2.6
Shields        | |  2.6

Action                     |  1- 3 |  4- 6 |  7- 9 || total
---------------------------+-------+-------+-------++-------
  Melee: War axe           |    59 |   104 |    79 ||   242
         Kick              |       |    18 |    20 ||    38
    Use: Scroll            |     3 |     2 |     1 ||     6
         Potion            |     2 |     1 |     2 ||     5
 Armour: Chain mail        |    67 |    56 |    57 ||   180
         Scale mail        |     1 |       |       ||     1
  Dodge: Dodged            |    38 |    41 |    21 ||   100
  Block: Buckler           |    17 |    25 |    11 ||    53

Table legend: (Time is in decaauts)
 A = Elapsed time spent in this place.
 B = Non-inter-level travel time spent in this place.
 C = Inter-level travel time spent in this place.
 D = Time resting spent in this place.
 E = Time spent auto-exploring this place.
 F = Levels seen in this place.
 G = Mean time per level.
                   A        B        C        D        E       F      G
               +--------+--------+--------+--------+--------+-----+--------+
         Total |   3359 |   3204 |    155 |      0 |   2402 |   6 |  559.8 |
       Dungeon |   3147 |   2992 |    155 |      0 |   2267 |   5 |  629.4 |
         Sewer |    212 |    212 |      0 |      0 |    135 |   1 |  212.0 |
               +--------+--------+--------+--------+--------+-----+--------+

Top non-repeatable levels by time:
     D:1: 907 daAuts
     D:3: 793 daAuts
     D:4: 625 daAuts
     D:2: 476 daAuts
     D:5: 344 daAuts
   Sewer: 212 daAuts
